 Dungeon Crawl Stone Soup version 0.19.4-9-g45fd643 (webtiles) character file.

1117 Kosschaser the Chopper (level 8, -4/102 HPs)
             Began as a Yellow Draconian Berserker on Feb 14, 2017.
             Was an Elder of Trog.
             Slain by an orc warrior
             ... wielding a +0 mace
              (8 damage)
             ... on level 5 of the Dungeon on Feb 15, 2017.
             The game lasted 00:28:02 (5198 turns).

Kosschaser the Chopper (Yellow Draconian Berserker) Turns: 5198, Time: 00:28:02

Health: -4/102     AC:  9    Str: 26    XL:     8   Next: 12%
Magic:  8/8        EV: 14    Int:  7    God:    Trog [****..]
Gold:   257        SH:  0    Dex: 12    Spells: 0 memorised, 7 levels left

rFire  . . .     SeeInvis .     a - +0 hand axe
rCold  . . .     Gourm    +     (armour unavailable)
rNeg   . . .     Faith    .     (no shield)
rPois  .         Spirit   .     (helmet restricted)
rElec  .         Reflect  .     q - +1 cloak
rCorr  +         Harm     .     n - +0 pair of gloves
MR     ++...                    (no boots)
Stlth  ..........               B - amulet of the gourmand
                                (no ring)
                                v - ring of flight

@: berserking, regenerating, very quick
A: spit acid, acid resistance, unfitting armour, cold-blooded, AC +6
a: Spit Acid, Berserk, Trog's Hand, Brothers in Arms, Burn Spellbooks, Renounce
Religion, Evoke Flight


You were on level 5 of the Dungeon.
You worshipped Trog.
Trog was greatly pleased with you.
You were very hungry.

You visited 1 branch of the dungeon, and saw 5 of its levels.
You also visited: Ossuary.

You collected 257 gold pieces.

Inventory:

Hand Weapons
 a - a +0 hand axe (weapon)
Missiles
 e - 185 stones
 i - 7 silver javelins
 u - 7 tomahawks (quivered)
Armour
 n - a +0 pair of gloves (worn)
 q - a +1 cloak (worn)
Jewellery
 v - a ring of flight (left hand)
 B - an amulet of the gourmand (around neck)
Scrolls
 g - a scroll of blinking {unknown}
 h - 6 scrolls of enchant weapon
 j - 3 scrolls of teleportation
 k - 2 scrolls of remove curse
 o - 2 scrolls of recharging {unknown}
 p - 2 scrolls of enchant armour {unknown}
 r - a scroll of magic mapping
 t - 2 scrolls of noise {unknown}
 y - a scroll of amnesia {unknown}
 C - 2 scrolls of identify
 D - a scroll of immolation {unknown}
Potions
 c - a potion of ambrosia
 d - 2 potions of agility
 f - 2 potions of cure mutation
 m - a potion of heal wounds
 s - 4 potions of lignification
 w - 2 potions of resistance {unknown}
 x - a potion of curing {unknown}
 z - a potion of brilliance {unknown}
 A - 2 potions of beneficial mutation {unknown}
 E - a potion of invisibility {unknown}
 F - a potion of haste
 G - a potion of degeneration {unknown}
Comestibles
 b - 5 bread rations
 l - 3 beef jerkies


   Skills:
 + Level 5.0 Fighting
 + Level 7.6 Axes
 + Level 1.7 Throwing
 + Level 5.0 Dodging
 + Level 1.8 Stealth


You had 7 spell levels left.
You didn't know any spells.

Dungeon Overview and Level Annotations

Branches:
Dungeon (5/15)
 Temple: D:4-7

Altars:
Dithmenos
Makhleb


Innate Abilities, Weirdness & Mutations

You can spit globs of acid.
You are resistant to acid.
Your golden yellow scales are hard. (AC +6)
You cannot fit into any form of body armour.
You are cold-blooded and may be slowed by cold attacks.


Message History

You hit the orc warrior.
The orc warrior is severely wounded.
The orc warrior grunts loudly, in orcish tradition.
The orc warrior hits you with a mace!
* * * LOW HITPOINT WARNING * * *
Your skin crawls.
You feel resistant to hostile enchantments.
You feel somewhat more hungry. The orc warrior hits you with a mace.
* * * LOW HITPOINT WARNING * * *
A red film seems to cover your vision as you go berserk!
You feel yourself moving faster!
You feel mighty!
You are feeling very hungry.
The orc warrior hits you with a mace!
* * * LOW HITPOINT WARNING * * *
You barely miss the orc warrior. You tail-slap the orc warrior.
The orc warrior is severely wounded.
You closely miss the orc warrior.
The orc warrior is severely wounded.
The orc warrior hits you with a mace!
You die...

# #....#
#.'†.....'.#....# #
####.###.#8....8#......#
# #......##8[)8##......#
# #.#.....######.....#.#
#...###'# #'###...#
#..##.#.######...##..#
#..#.#)##.##)##.#.#..#
#..#.###..##o#.##.#..#
#..#.#..####@##.#.#..#
#..#.#.##.##..###.#..#
##.##....####....##..#
#..######..######...#
##..................#
############......##
########


You could see an orc warrior.

Vanquished Creatures
  The ghost of Kosschaser the Chopper, an amateur DrBe of Trog (Ossuary)
  Menkaure (Ossuary)
  A centaur (D:5)
  An ogre (D:5)
  2 bullfrogs
  A howler monkey (D:5)
  A crimson imp (D:5)
  A centaur zombie (D:5)
  A hound (D:5)
  2 bullfrog skeletons (D:5)
  An orc priest (D:3)
  A jelly (D:5)
  2 orc wizards
  2 iguanas
  2 worker ants
  A mummy (D:5)
  A howler monkey skeleton (D:5)
  A gnoll (D:1)
  8 adders
  A shadow imp (D:5)
  An ooze (D:4)
  6 worms
  3 dart slugs
  5 leopard geckos
  18 orcs
  2 ball pythons
  13 bats
  5 giant cockroaches
  4 gnoll zombies (Ossuary)
  9 hobgoblins
  4 jackals (D:2)
  4 frilled lizards
  4 gnoll skeletons (Ossuary)
  9 goblins
  2 goblin skeletons (Ossuary)
  3 goblin zombies (Ossuary)
  2 hobgoblin skeletons (Ossuary)
  2 hobgoblin zombies (Ossuary)
  8 kobolds
  2 kobold skeletons (Ossuary)
  2 kobold zombies (Ossuary)
  2 orc skeletons (Ossuary)
  3 orc zombies (Ossuary)
  4 rats
  A rat zombie (Ossuary)
150 creatures vanquished.

Vanquished Creatures (others)
  3 mummies (Ossuary)
  A gnoll skeleton (Ossuary)
  A gnoll zombie (Ossuary)
  2 goblin skeletons (Ossuary)
  4 hobgoblin skeletons (Ossuary)
  A hobgoblin zombie (Ossuary)
  A kobold skeleton (Ossuary)
  A kobold zombie (Ossuary)
  4 orc skeletons (Ossuary)
  4 orc zombies (Ossuary)
  A rat skeleton (Ossuary)
  3 rat zombies (Ossuary)
26 creatures vanquished.

Grand Total: 176 creatures vanquished

Notes
Turn   | Place    | Note
-------+----------+-------------------------------------------
     0 | D:1      | Kosschaser the Draconian Berserker began the quest for the Orb.
     0 | D:1      | Reached XP level 1. HP: 19/19 MP: 1/1
   200 | D:1      | Reached XP level 2. HP: 2/26 MP: 2/2
   201 | D:1      | HP: 1/39 [gnoll/club (2)]
   673 | D:1      | Reached XP level 3. HP: 23/31 MP: 3/3
  1188 | D:1      | Reached ** piety under Trog
  1335 | D:2      | Reached skill level 1 in Throwing
  1468 | D:2      | Reached XP level 4. HP: 39/39 MP: 4/4
  1547 | D:2      | Reached skill level 4 in Axes
  2054 | D:3      | Reached XP level 5. HP: 36/46 MP: 5/5
  2455 | D:3      | Found a burning altar of Makhleb.
  2988 | D:3      | Reached skill level 5 in Axes
  3093 | D:3      | Reached XP level 6. HP: 40/52 MP: 6/6
  3506 | D:4      | Reached *** piety under Trog
  3797 | D:5      | Entered Level 5 of the Dungeon
  3828 | D:5      | Found a sand-covered staircase.
  3840 | Ossuary  | Entered an ossuary
  4224 | Ossuary  | Noticed Menkaure
  4229 | Ossuary  | Noticed Kosschaser's ghost (amateur DrBe)
  4232 | Ossuary  | Killed Menkaure
  4232 | Ossuary  | Reached skill level 1 in Stealth
  4244 | Ossuary  | Killed Kosschaser's ghost
  4244 | Ossuary  | Reached skill level 6 in Axes
  4244 | Ossuary  | Your scales start taking on a golden yellow colour.
  4244 | Ossuary  | Reached XP level 7. HP: 9/60 MP: 7/7
  4774 | D:5      | Found a shadowy altar of Dithmenos.
  4900 | D:5      | Reached skill level 7 in Axes
  4944 | D:5      | Found a large runed door.
  4948 | D:5      | Found a large runed door.
  4952 | D:5      | Found a large runed door.
  4952 | D:5      | Found a large runed door.
  4984 | D:5      | Upgraded the game from 0.19.4-8-ga85b6b9 to 0.19.4-9-g45fd643
  5091 | D:5      | Reached **** piety under Trog
  5091 | D:5      | Reached skill level 5 in Fighting
  5091 | D:5      | Reached XP level 8. HP: 68/68 MP: 8/8
  5156 | D:5      | Reached skill level 5 in Dodging
  5196 | D:5      | HP: 3/102 [orc warrior/mace (8)]
  5198 | D:5      | Slain by an orc warrior

Skill      XL: |  1  2  3  4  5  6  7  8 |
---------------+-------------------------+-----
Dodging        | 3 4 5 |  5.0
Throwing       | 1 |  1.7
Axes           | 4 5 6 7 |  7.6
Fighting       | 4 5 |  5.0
Stealth        | 1 |  1.8

Action                   |  1- 3 |  4- 6 |  7- 9 || total
-------------------------+-------+-------+-------++-------
Melee: Hand axe          |   116 |   315 |   147 ||   578
       Tailslap          |    14 |    49 |    28 ||    91
Throw: Stone             |    23 |     6 |       ||    29
       Tomahawk          |       |    10 |     4 ||    14
Invok: Berserk           |     1 |     2 |     1 ||     4
       Trog's Hand       |       |     3 |     2 ||     5
       Burn Spellbooks   |       |       |     2 ||     2
 Abil: Spit Acid         |       |       |     2 ||     2
  Use: Scroll            |     5 |     4 |     4 ||    13
       Potion            |       |     1 |       ||     1
 Stab: Sleeping          |     1 |     4 |     2 ||     7
       Distracted        |       |     1 |       ||     1
  Eat: Chunk             |     2 |    10 |     5 ||    17
       Pizza             |       |     1 |     1 ||     2
Armor: Skin              |    51 |    94 |    50 ||   195
Dodge: Dodged            |   127 |   186 |   100 ||   413
